[Event "November Lviv Tradition 2019"]
[Site "Lviv"]
[Date "2019.11.21"]
[Round "2.1"]
[White "Kagramanianz, Vartan"]
[Black "Shkuran, Danylo"]
[Result "1/2-1/2"]
[ECO "D02"]
[WhiteElo "2229"]
[BlackElo "2345"]
[Annotator "ChessBase"]
[PlyCount "61"]
[EventDate "2019.09.23"]
[EventType "tourn"]
[EventRounds "9"]
[EventCountry "UKR"]
[EventCategory "1"]
[SourceTitle "playchess.com"]
[Source "ChessBase"]
[SourceQuality "1"]
[WhiteTeam "Armenia"]
[BlackTeam "Ukraine"]
[WhiteTeamCountry "ARM"]
[BlackTeamCountry "UKR"]
[TimeControl "5400+30"]

1. d4 d5 2. Nf3 Nf6 3. Bf4 c6 4. e3 Bf5 5. Bd3 Bxd3 6. Qxd3 e6 7. Nbd2 Bd6 8. Bxd6 Qxd6 9. c3 O-O 10. O-O Nbd7 11. e4 dxe4 12. Nxe4 Nxe4 13. Qxe4 Rad8 14. Rad1 h6 15. Rfe1 Rfe8 16. Ne5 Nxe5 17. Qxe5 Qd5 18. Qxd5 exd5 19. Rxe8+ Rxe8 20. Kf1 Kf8 21. Re1 Rxe1+ 22. Kxe1 Ke7 23. Ke2 Ke6 24. Ke3 Kf5 25. Kf3 h5 26. h3 g5 27. g4+ hxg4+ 28. hxg4+ Ke6 29. Ke3 f5 30. f3 fxg4 31. fxg4 1/2-1/2

[Event "November Lviv Tradition 2019"]
[Site "Lviv"]
[Date "2019.11.21"]
[Round "2.2"]
[White "Polulikh, Bogdan"]
[Black "Bets, Anatolij"]
[Result "1-0"]
[ECO "D30"]
[WhiteElo "2286"]
[BlackElo "2258"]
[Annotator "ChessBase"]
[PlyCount "77"]
[EventDate "2019.09.23"]
[EventType "tourn"]
[EventRounds "9"]
[EventCountry "UKR"]
[EventCategory "1"]
[SourceTitle "playchess.com"]
[Source "ChessBase"]
[SourceQuality "1"]
[WhiteTeam "Ukraine"]
[BlackTeam "Moldova"]
[WhiteTeamCountry "UKR"]
[BlackTeamCountry "MDA"]
[TimeControl "5400+30"]

1. d4 Nf6 2. Nf3 e6 3. Bg5 d5 4. c4 h6 5. Bf4 c6 6. Nbd2 Bd6 7. Bxd6 Qxd6 8. e3 Nbd7 9. cxd5 exd5 10. Bd3 O-O 11. O-O Re8 12. Qc2 b6 13. Rac1 Bb7 14. Rfd1 Qe7 15. Bf5 g6 16. Bh3 h5 17. Re1 c5 18. dxc5 bxc5 19. Qb3 Rab8 20. Qa3 a6 21. Red1 Ng4 22. Ne1 Qh4 23. Bxg4 Qxg4 24. h3 Qf5 25. Qd3 Qf6 26. b3 Ne5 27. Qf1 Rec8 28. Nd3 Nxd3 29. Qxd3 Qg5 30. Nf3 Qf6 31. Qc3 Qb6 32. Rc2 d4 33. exd4 Bxf3 34. Qxf3 cxd4 35. Rcd2 Rd8 36. Qf4 Qa5 37. Rxd4 Rxd4 38. Qxd4 Qxa2 39. Qc4 1-0

[Event "November Lviv Tradition 2019"]
[Site "Lviv"]
[Date "2019.11.21"]
[Round "2.3"]
[White "Papunidi, Matvey"]
[Black "Shpanko, Nadiia"]
[Result "1/2-1/2"]
[ECO "B29"]
[WhiteElo "2052"]
[BlackElo "2207"]
[Annotator "ChessBase"]
[PlyCount "70"]
[EventDate "2019.09.23"]
[EventType "tourn"]
[EventRounds "9"]
[EventCountry "UKR"]
[EventCategory "1"]
[SourceTitle "playchess.com"]
[Source "ChessBase"]
[SourceQuality "1"]
[WhiteTeam "Belarus"]
[BlackTeam "Ukraine"]
[WhiteTeamCountry "BLR"]
[BlackTeamCountry "UKR"]
[TimeControl "5400+30"]

1. e4 c5 2. Nf3 Nf6 3. e5 Nd5 4. d4 cxd4 5. Qxd4 e6 6. Bd3 Nc6 7. Qg4 Qc7 8. Qe4 Ncb4 9. O-O Nxd3 10. cxd3 d6 11. d4 Bd7 12. Bd2 Bc6 13. Qe2 Qb6 14. Na3 dxe5 15. Nc4 Qa6 16. Nfxe5 Bb5 17. Rfc1 Be7 18. Qg4 O-O 19. Bh6 Bf6 20. a4 Bxc4 21. Rxc4 Rfd8 22. Rac1 Qb6 23. h4 Qxb2 24. h5 Bxe5 25. dxe5 Qxe5 26. Re4 f5 27. Qg5 Qb2 28. Rxe6 Kh8 29. Qd2 Qxd2 30. Bxd2 h6 31. Re5 Nf6 32. Be3 Nxh5 33. Rxf5 Nf6 34. Bxh6 Rd4 35. Bg5 Rf8 1/2-1/2

[Event "November Lviv Tradition 2019"]
[Site "Lviv"]
[Date "2019.11.21"]
[Round "2.4"]
[White "Roshka, Yevgeniy"]
[Black "Zaika, Daniil"]
[Result "1-0"]
[ECO "E04"]
[WhiteElo "2415"]
[BlackElo "2274"]
[Annotator "ChessBase"]
[PlyCount "49"]
[EventDate "2019.09.23"]
[EventType "tourn"]
[EventRounds "9"]
[EventCountry "UKR"]
[EventCategory "1"]
[SourceTitle "playchess.com"]
[Source "ChessBase"]
[SourceQuality "1"]
[WhiteTeam "Ukraine"]
[BlackTeam "Russia"]
[WhiteTeamCountry "UKR"]
[BlackTeamCountry "RUS"]
[TimeControl "5400+30"]

1. d4 d5 2. c4 c6 3. Nf3 Nf6 4. Nc3 e6 5. g3 dxc4 6. Bg2 b5 7. Ne5 Nd5 8. e4 Nxc3 9. bxc3 Be7 10. Qg4 O-O 11. O-O Bb7 12. Bh6 Bf6 13. Nxc4 bxc4 14. e5 Nd7 15. Rab1 Nb6 16. Be4 Re8 17. exf6 g6 18. Bg5 e5 19. Rfd1 exd4 20. Rxd4 Qc8 21. Qh4 Re5 22. Rbd1 Qe8 23. f3 Ra5 24. Qh6 Qf8 25. Rd8 1-0

[Event "November Lviv Tradition 2019"]
[Site "Lviv"]
[Date "2019.11.21"]
[Round "2.5"]
[White "Frolov, Artur"]
[Black "Cherniaiev, Tykhon"]
[Result "1-0"]
[ECO "A21"]
[WhiteElo "2425"]
[BlackElo "2121"]
[Annotator "ChessBase"]
[PlyCount "135"]
[EventDate "2019.09.23"]
[EventType "tourn"]
[EventRounds "9"]
[EventCountry "UKR"]
[EventCategory "1"]
[SourceTitle "playchess.com"]
[Source "ChessBase"]
[SourceQuality "1"]
[WhiteTeam "Ukraine"]
[BlackTeam "Ukraine"]
[WhiteTeamCountry "UKR"]
[BlackTeamCountry "UKR"]
[TimeControl "5400+30"]

1. c4 e5 2. Nc3 Bb4 3. g3 Bxc3 4. dxc3 Nc6 5. Bg2 Nge7 6. c5 d6 7. cxd6 Qxd6 8. Qxd6 cxd6 9. f4 Be6 10. Nf3 f6 11. Kf2 O-O-O 12. Rd1 Rhe8 13. e3 d5 14. b4 exf4 15. exf4 Nf5 16. b5 Na5 17. Nd4 Nxd4 18. Rxd4 Nc4 19. a4 f5 20. Ba3 Bf7 21. Bf3 Ne3 22. Ra2 Ng4+ 23. Bxg4 fxg4 24. a5 Re4 25. Bc5 Kb8 26. Rad2 Rde8 27. Bd6+ Kc8 28. Be5 Rxd4 29. Bxd4 g6 30. Bxa7 Re4 31. Bd4 Be8 32. a6 bxa6 33. bxa6 Re6 34. Ra2 Bc6 35. Be5 Ba8 36. Ke3 Rc6 37. Ra5 h5 38. Kd3 Rb6 39. Kd4 Kd7 40. Kc5 Rc6+ 41. Kb5 Kc8 42. Ra2 Re6 43. Ka5 Kd7 44. Rb2 g5 45. Rb7+ Bxb7 46. axb7 Re8 47. fxg5 Rxe5 48. b8=Q Rxg5 49. Qf4 Rg7 50. Qf5+ Ke7 51. Qxd5 Kf8 52. Qxh5 Rc7 53. Qxg4 Rc5+ 54. Kb6 Rc4 55. Qf5+ Ke8 56. Qe5+ Kf8 57. Qd5 Rxc3 58. Qf5+ Kg8 59. Qg6+ Kh8 60. Qf6+ Kg8 61. Qxc3 Kh7 62. Qf6 Kg8 63. Qe7 Kh8 64. g4 Kg8 65. g5 Kh8 66. g6 Kg8 67. Qf7+ Kh8 68. Qh7# 1-0

[Event "November Lviv Tradition 2019"]
[Site "Lviv"]
[Date "2019.11.21"]
[Round "3.1"]
[White "Cherniaiev, Tykhon"]
[Black "Kagramanianz, Vartan"]
[Result "1/2-1/2"]
[ECO "D04"]
[WhiteElo "2121"]
[BlackElo "2229"]
[Annotator "ChessBase"]
[PlyCount "60"]
[EventDate "2019.09.23"]
[EventType "tourn"]
[EventRounds "9"]
[EventCountry "UKR"]
[EventCategory "1"]
[SourceTitle "playchess.com"]
[Source "ChessBase"]
[SourceQuality "1"]
[WhiteTeam "Ukraine"]
[BlackTeam "Armenia"]
[WhiteTeamCountry "UKR"]
[BlackTeamCountry "ARM"]
[TimeControl "5400+30"]

1. Nf3 Nf6 2. b3 d5 3. Bb2 g6 4. e3 Bg7 5. d4 O-O 6. Bd3 c5 7. O-O cxd4 8. exd4 Nc6 9. a3 Bg4 10. Nbd2 Bf5 11. Qe2 Bxd3 12. Qxd3 e6 13. Rfe1 Qb6 14. Rac1 Rac8 15. Ne5 Rfd8 16. Ba1 Nd7 17. Nef3 a5 18. c4 Qa6 19. Qb1 Nf6 20. Ne5 dxc4 21. Ndxc4 Nd5 22. Qe4 Nce7 23. Nd3 b6 24. a4 Nf5 25. Nde5 Nf6 26. Qe2 Qb7 27. Rcd1 Nd5 28. Qe4 Rc7 29. Bb2 Nb4 30. Qe2 Nc6 1/2-1/2

[Event "November Lviv Tradition 2019"]
[Site "Lviv"]
[Date "2019.11.21"]
[Round "3.2"]
[White "Zaika, Daniil"]
[Black "Frolov, Artur"]
[Result "1-0"]
[ECO "A80"]
[WhiteElo "2274"]
[BlackElo "2425"]
[Annotator "ChessBase"]
[PlyCount "53"]
[EventDate "2019.09.23"]
[EventType "tourn"]
[EventRounds "9"]
[EventCountry "UKR"]
[EventCategory "1"]
[SourceTitle "playchess.com"]
[Source "ChessBase"]
[SourceQuality "1"]
[WhiteTeam "Russia"]
[BlackTeam "Ukraine"]
[WhiteTeamCountry "RUS"]
[BlackTeamCountry "UKR"]
[TimeControl "5400+30"]

1. d4 f5 2. Bg5 g6 3. h4 h6 4. Bf4 Bg7 5. Nc3 Nf6 6. e3 d6 7. Bc4 Nbd7 8. Nf3 c6 9. Qd3 Qa5 10. O-O-O b5 11. Bb3 b4 12. Qc4 bxc3 13. Qf7+ Kd8 14. Qxg7 cxb2+ 15. Kxb2 Rh7 16. Qxg6 Nf8 17. Qg3 Be6 18. Nd2 Rb8 19. c4 Qb4 20. e4 Bxc4 21. Nxc4 Qxc4 22. Ka1 Rxb3 23. Qxb3 Qxb3 24. axb3 Nxe4 25. Rhf1 Ne6 26. Bd2 Nxd4 27. Ba5+ 1-0

[Event "November Lviv Tradition 2019"]
[Site "Lviv"]
[Date "2019.11.21"]
[Round "3.3"]
[White "Shpanko, Nadiia"]
[Black "Roshka, Yevgeniy"]
[Result "0-1"]
[ECO "C41"]
[WhiteElo "2207"]
[BlackElo "2415"]
[Annotator "ChessBase"]
[PlyCount "140"]
[EventDate "2019.09.23"]
[EventType "tourn"]
[EventRounds "9"]
[EventCountry "UKR"]
[EventCategory "1"]
[SourceTitle "playchess.com"]
[Source "ChessBase"]
[SourceQuality "1"]
[WhiteTeam "Ukraine"]
[BlackTeam "Ukraine"]
[WhiteTeamCountry "UKR"]
[BlackTeamCountry "UKR"]
[TimeControl "5400+30"]

1. d4 d6 2. e4 Nf6 3. Nc3 e5 4. Nf3 Nbd7 5. Bc4 Be7 6. O-O O-O 7. h3 c6 8. Bb3 b5 9. Qe2 a5 10. d5 cxd5 11. Bxd5 Nxd5 12. Nxd5 Nf6 13. Nxe7+ Qxe7 14. Bg5 h6 15. Bxf6 Qxf6 16. Rfd1 b4 17. a3 bxa3 18. Rxa3 Bb7 19. Nd2 Rfc8 20. Nf1 Rc5 21. Ng3 g6 22. Qd2 Kg7 23. Rf3 Qe6 24. Qxd6 Qxd6 25. Rxd6 Bc6 26. Rd2 f5 27. Rb3 f4 28. Ne2 Bxe4 29. Rd7+ Kf6 30. Rb6+ Kg5 31. c3 a4 32. f3 Bf5 33. Rd2 a3 34. bxa3 Rxa3 35. Kf2 Ra1 36. Rbd6 Rb5 37. Rd1 Rxd1 38. Rxd1 Rb2 39. Rd5 Kf6 40. Ke1 Be6 41. Rd2 Rxd2 42. Kxd2 Bc4 43. Ke1 g5 44. h4 gxh4 45. Ng1 Bd3 46. Nh3 Ke6 47. Nf2 Bf5 48. Kf1 Kd5 49. Ke2 Kc4 50. Kd2 h5 51. Nh3 Bd3 52. Ke1 Kxc3 53. Ng5 Kd4 54. Kf2 Bf5 55. Ke2 Kd5 56. Kf2 Bg6 57. Nh3 Bd3 58. Ng5 Kd6 59. Ke1 Ke7 60. Nh3 Bf5 61. Ke2 Bxh3 62. gxh3 Ke6 63. Kd2 Kd5 64. Kd3 e4+ 65. fxe4+ Ke5 66. Ke2 Kxe4 67. Kf2 f3 68. Kf1 Kf4 69. Kg1 Ke5 70. Kf1 Ke4 0-1

[Event "November Lviv Tradition 2019"]
[Site "Lviv"]
[Date "2019.11.21"]
[Round "3.4"]
[White "Bets, Anatolij"]
[Black "Papunidi, Matvey"]
[Result "1/2-1/2"]
[ECO "A84"]
[WhiteElo "2258"]
[BlackElo "2052"]
[Annotator "ChessBase"]
[PlyCount "26"]
[EventDate "2019.09.23"]
[EventType "tourn"]
[EventRounds "9"]
[EventCountry "UKR"]
[EventCategory "1"]
[SourceTitle "playchess.com"]
[Source "ChessBase"]
[SourceQuality "1"]
[WhiteTeam "Moldova"]
[BlackTeam "Belarus"]
[WhiteTeamCountry "MDA"]
[BlackTeamCountry "BLR"]
[TimeControl "5400+30"]

1. d4 d5 2. c4 c6 3. e3 e6 4. Nc3 f5 5. g4 fxg4 6. Qxg4 Nf6 7. Qg2 Bd6 8. Qxg7 Rg8 9. Qh6 Rg6 10. Qh4 Rg4 11. Qh6 Rg6 12. Qh4 Rg4 13. Qh6 Rg6 1/2-1/2

[Event "November Lviv Tradition 2019"]
[Site "Lviv"]
[Date "2019.11.21"]
[Round "3.5"]
[White "Shkuran, Danylo"]
[Black "Polulikh, Bogdan"]
[Result "1-0"]
[ECO "D02"]
[WhiteElo "2345"]
[BlackElo "2286"]
[Annotator "ChessBase"]
[PlyCount "99"]
[EventDate "2019.09.23"]
[EventType "tourn"]
[EventRounds "9"]
[EventCountry "UKR"]
[EventCategory "1"]
[SourceTitle "playchess.com"]
[Source "ChessBase"]
[SourceQuality "1"]
[WhiteTeam "Ukraine"]
[BlackTeam "Ukraine"]
[WhiteTeamCountry "UKR"]
[BlackTeamCountry "UKR"]
[TimeControl "5400+30"]

1. Nf3 Nf6 2. g3 d5 3. Bg2 c6 4. O-O Bg4 5. d4 e6 6. Nbd2 Nbd7 7. Re1 Bd6 8. e4 Nxe4 9. Nxe4 dxe4 10. Rxe4 Bh5 11. b3 O-O 12. Bb2 Re8 13. Qe1 Bg6 14. Re2 a5 15. a4 Be7 16. c4 Qc7 17. Bc3 Bf6 18. Rc1 Rec8 19. Nd2 Nf8 20. c5 Rd8 21. Nc4 Bd3 22. Nb6 Bxe2 23. Nxa8 Rxa8 24. Qxe2 Ng6 25. Qc4 Ne7 26. b4 axb4 27. Qxb4 Rd8 28. Rb1 Rd7 29. a5 h5 30. Qb6 Qc8 31. Be4 g6 32. Kg2 Nf5 33. a6 bxa6 34. Bxc6 Rc7 35. Bb7 Qd8 36. Ba5 Rxb7 37. Qxd8+ Bxd8 38. Rxb7 Bxa5 39. c6 Kg7 40. Rd7 Kf6 41. h3 Bb6 42. g4 hxg4 43. hxg4 Nxd4 44. Rxd4 Ke7 45. Rd7+ Ke8 46. Rb7 Ba5 47. Kf3 f5 48. Kf4 Bc3 49. Rb8+ Ke7 50. c7 1-0